 Dungeon Crawl Stone Soup version 0.32-a0-450-g080537f31e (webtiles) character file.

Game seed: 6258443675041299875

98 bearlyready the Shooter (level 4, -3/33 HPs)
             Began as a Coglin Hunter on Feb 23, 2024.
             Killed by divine providence
             ... invoked by an orc priest
              (14 damage)
             ... on level 3 of the Dungeon.
             The game lasted 00:04:31 (2041 turns).

bearlyready the Shooter (Coglin Hunter)             Turns: 2041, Time: 00:04:31

Health: -3/33      AC:  4    Str: 11    XL:     4   Next: 69%
Magic:  4/4        EV: 12    Int:  8    God:
Gold:   165        SH:  0    Dex: 20    Spells: 3/3 levels left

rFire   . . .        o - +0 sling {Appius}
rCold   . . .        (no shield)
rNeg    . . .        c - +0 leather armour
rPois   .            n - +0 helmet
rElec   .            (no cloak)
rCorr   .            (no gloves)
SInv    .            (no boots)
Will    .....        (no amulet)
Stlth   ++           (no ring)
HPRegen 0.25/turn    (no ring)
MPRegen 0.09/turn

%: no passive effects
@: immotile, revved
A: off-hand wielding, slow wielding, warmup strikes, legs shutdown
a: Convert to Beogh


You were on level 3 of the Dungeon.
You visited 1 branch of the dungeon, and saw 3 of its levels.

You collected 165 gold pieces.

Inventory:

Hand Weapons
 a - a +0 shortbow {Gota}
 o - a +0 sling (weapon) {Appius}
 s - a +3 short sword
Missiles
 j - 5 poisoned darts
Armour
 c - a +0 leather armour (worn)
 n - a +0 helmet (worn)
Talismans
 p - a beast talisman
Scrolls
 b - a scroll of butterflies
 d - 2 scrolls of identify {unknown}
 i - a scroll of amnesia {unknown}
 k - a scroll of poison {unknown}
 m - a scroll of revelation {unknown}
 q - 2 scrolls of vulnerability {unknown}
 r - a scroll of enchant weapon {unknown}
Potions
 e - a potion of resistance {unknown}
 f - a potion of brilliance {unknown}
 g - 2 potions of curing
 h - 2 potions of haste {unknown}
 l - a potion of might {unknown}
 t - 2 potions of heal wounds {unknown}


   Skills:
 - Level 2.0 Fighting
 + Level 5.4 Ranged Weapons
 - Level 1.7 Dodging
 - Level 0.7 Stealth


You had 3 spell levels left.
You didn't know any spells.
Your spell library was empty.

Dungeon Overview and Level Annotations

Branches:
Dungeon (3/15)

Altars:

Annotations:
D:3 Sigmund


Innate Abilities, Weirdness & Mutations

You can wield a second weapon in your off-hand.
It takes a long time for you to wield or remove held weapons.
Your first few attacks do less damage.
Attacking and casting redirects power from your legs.


Message History

The orc hits you with a +0 club.
* * * LOW HITPOINT WARNING * * *
The orc priest casts a cantrip, but nothing happens.
It was a potion of curing.
You feel better.
You are no longer unable to travel.
The orc hits you but does no damage.
The orc priest hits you but does no damage.
Fire: o) +0 sling {Appius}
Press: ? - help, Q - select action, (/) - cycle Shift-Dir - straight line, f/p - orc priest
Aim: an orc priest, wielding a +0 club and wearing a +0 chain mail (severely wounded, 70% to hit)
You shoot a sling bullet. The sling bullet hits the orc priest.
The orc priest is severely wounded.
The orc priest shouts, "The Pantheon deserves no one's loyalty.
Let us show you the true path!" The orc hits you but does no damage.
The orc priest barely misses you.
The orc priest shouts, "Surrender to Beogh and we'll let you live!"
Fire: o) +0 sling {Appius}
Press: ? - help, Q - select action, (/) - cycle Shift-Dir - straight line, f/p - orc priest
Aim: an orc priest, wielding a +0 club and wearing a +0 chain mail (severely wounded, 70% to hit)
You shoot a sling bullet.
The sling bullet barely misses the orc priest.
The orc priest shouts, "The Pantheon deserves no one's loyalty.
Let us show you the true path!" The orc closely misses you.
The orc priest hits you with a +0 club.
Fire: o) +0 sling {Appius}
Press: ? - help, Q - select action, (/) - cycle Shift-Dir - straight line, f/p - orc priest
Aim: an orc priest, wielding a +0 club and wearing a +0 chain mail (severely wounded, 70% to hit)
You shoot a sling bullet.
The sling bullet hits the orc priest but does no damage.
The orc priest is severely wounded.
The orc priest shouts, "Surrender to Beogh and we'll let you live!"
The orc hits you but does no damage. The orc priest barely misses you.
Fire: o) +0 sling {Appius}
Press: ? - help, Q - select action, (/) - cycle Shift-Dir - straight line, f/p - orc priest
Aim: an orc priest, wielding a +0 club and wearing a +0 chain mail (severely wounded, 70% to hit)
You shoot a sling bullet.
The sling bullet hits the orc priest but does no damage.
The orc priest is severely wounded.
The orc barely misses you. The orc priest barely misses you.
The orc priest mumbles some strange prayers to Beogh against you.
Beogh smites you!
You die...

##############
#@o..........#
##
#o##########.#
#. #.# #.####.
#.# #.##...
..# ###
#.##.#[ ...
..# #....#.
#### #.#
####### ###
#.# ######
##.###)#
##.##..


You could see an orc priest and an orc.

Vanquished Creatures
  An orc wizard (D:2)
  An adder (D:3)
  2 dart slugs
  A ribbon worm (D:2)
  2 orcs (D:3)
  4 ball pythons
  3 bats
  4 endoplasms
  4 goblins
  5 hobgoblins
  12 jackals
  A quokka (D:2)
  2 frilled lizards
  4 kobolds
  4 rats
50 creatures vanquished.

Notes
Turn   | Place    | Note
-------+----------+-------------------------------------------
     0 | D:1      | bearlyready the Coglin Hunter began the quest for the Orb.
     0 | D:1      | Reached XP level 1. HP: 16/16 MP: 1/1
   150 | D:1      | Reached skill level 4 in Ranged Weapons
   150 | D:1      | Reached XP level 2. HP: 22/22 MP: 2/2
   696 | D:2      | Reached XP level 3. HP: 26/27 MP: 3/3
  1494 | D:3      | Noticed Sigmund
  1515 | D:2      | Reached skill level 5 in Ranged Weapons
  1515 | D:2      | Reached XP level 4. HP: 15/33 MP: 4/4
  2041 | D:3      | Killed from afar by an orc priest

Illustrated notes

Levels and vault maps discovered:
D:1:      amcnicky_arrival_gap_in_the_tavern_cellar, layout_loops_ring
D:2:      layout_basic
D:3:      layout_loops_ring, ebering_ecumenical_altar_mist, uniq_sigmund

Skill      XL: |  1  2  3 |
---------------+----------+-----
Ranged Weapons | 4 5 |  5.4
Fighting       | |  2.0
Dodging        | |  1.7
Stealth        | |  0.7

Action                     |  1- 3 |  4- 6 || total
---------------------------+-------+-------++-------
   Fire: Shortbow          |    93 |       ||    93
         Sling             |    34 |   102 ||   136
    Use: Potion            |       |     1 ||     1
 Armour: Leather armour    |    35 |    67 ||   102
  Dodge: Dodged            |    40 |    53 ||    93
         Form:             |     1 |       ||     1
         Beast             |     1 |       ||     1

Table legend: (Time is in decaauts)
 A = Elapsed time spent in this place.
 B = Non-inter-level travel time spent in this place.
 C = Inter-level travel time spent in this place.
 D = Time resting spent in this place.
 E = Time spent auto-exploring this place.
 F = Levels seen in this place.
 G = Mean time per level.
                   A        B        C        D        E       F      G
               +--------+--------+--------+--------+--------+-----+--------+
         Total |   2090 |   1992 |     98 |      0 |   1572 |   3 |  696.7 |
       Dungeon |   2090 |   1992 |     98 |      0 |   1572 |   3 |  696.7 |
               +--------+--------+--------+--------+--------+-----+--------+

Top non-repeatable levels by time:
     D:2: 943 daAuts
     D:1: 636 daAuts
     D:3: 510 daAuts
